 Dungeon Crawl Stone Soup version 0.25.1-8-g42b30a86e7 (webtiles) character file.

Game seed: 3134762898159531760

33 hawla the Conjurer (level 3, 0/26 HPs)
             Began as a Draconian Conjurer on Dec 7, 2020.
             Slain by a hound (2 damage)
             ... on level 2 of the Dungeon.
             The game lasted 00:03:17 (1106 turns).

hawla the Conjurer (Draconian Conjurer)             Turns: 1106, Time: 00:03:17

Health: 0/26       AC:  6    Str: 10    XL:     3   Next: 12%
Magic:  1/7        EV: 12    Int: 16    God:
Gold:   65         SH:  0    Dex: 11    Spells: 5/8 levels left

rFire    + . .     SeeInvis .   (no weapon)
rCold    + . .     Gourm    .   (no shield)
rNeg     + . .     Faith    .   (armour unavailable)
rPois    +         Spirit   .   (helmet restricted)
rElec    +         Reflect  .   i - +0 cloak
rCorr    +         Harm     .   (no gloves)
MR       .....                  (no boots)
Stlth    ++........             (no amulet)
HPRegen  0.08/turn              j - ring of positive energy
MPRegen  0.10/turn              (no ring)

@: resistant
A: unfitting armour, cold-blooded, AC +5
a: no special abilities


You were on level 2 of the Dungeon.
You were not hungry.

You visited 1 branch of the dungeon, and saw 2 of its levels.

You collected 65 gold pieces.

Inventory:

Missiles
 k - 14 poisoned darts (quivered)
Armour
 i - a +0 cloak (worn)
Jewellery
 j - a ring of positive energy (left hand)
Scrolls
 e - a scroll of remove curse
Potions
 a - a potion of resistance
 f - a potion of brilliance
Comestibles
 b - 2 rations
 d - 10 chunks of flesh


   Skills:
 - Level 1.7 Dodging
 - Level 1.7 Stealth
 * Level 3.2 Spellcasting
 + Level 4.2 Conjurations


You had 5 spell levels left.
You knew the following spells:

 Your Spells              Type           Power        Failure   Level  Hunger
a - Magic Dart            Conj           ###.         3%          1    None
b - Searing Ray           Conj           ###...       4%          2    ##.....

Your spell library contained the following spells:

 Spells                   Type           Power        Failure   Level  Hunger
 Dazzling Flash           Conj/Hex       #.....       24%         3    ###....
 Fulminant Prism          Conj/Hex       #.........   61%         4    ####...
 Iskenderun's Mystic Bla  Conj/Tloc      #.......     61%         4    ####...


Dungeon Overview and Level Annotations

Branches:
Dungeon (2/15)

Altars:


Innate Abilities, Weirdness & Mutations

Your plain brown scales are hard. (AC +5)
You cannot fit into any form of body armour.
You are cold-blooded and may be slowed by cold attacks.


Message History

The ball python constricts you. The rat bites you.
* * * LOW HITPOINT WARNING * * *
The hound bites you but does no damage. The rat bites you but does no damage.
It was a potion of resistance.
You feel protected.
The ball python bites you but does no damage.
The ball python constricts you. The hound barely misses you.
The rat bites you but does no damage. The rat closely misses you.
The ball python bites you.
* * * LOW HITPOINT WARNING * * *
The ball python constricts you.
Okay, then.
You escape the ball python's grasp.
The hound bites you but does no damage. The hound bites you.
* * * LOW HITPOINT WARNING * * *
The hound barely misses you. The rat barely misses you.
The ball python misses you. The ball python grabs you.
The ball python constricts you.
You escape the ball python's grasp.
The hound bites you.
You die...

,,,,,,,.....#...........,,**,,,,,
,,,,,,,.................****,***,
,,,,,,,.................* *,,* **
,,,,^,,.................***,** **
,,**,,,.......#.........**,,* *,
,,***,,........#......).,,,** **,
*,*****##.##..rrS.......,,,****,,
,,,,,,,,,,*#..#h........**,,,,,,,
*,,,*,,,***#...#@.......,,,,,,,,*
**,***,** #.#<#..).....,***,,,,,
*,,,*,,,** #.#..........,,,*,,,,*
,,_,,,,,,* #.##.........**,,,,,,*
*,,,*,,,,* #.*####.##.#.,**,,,,,*
**,***,,,* *,* *.#*.#*,,,,,****
*,,,*,,,,* *,* **..,,.,***,,*
,,,,,,,,,* *,****,..#**,,,,,**
,,,,,,,,** *,**,,,,.#*,,,****


You could see a hound, a ball python and 2 rats.

Vanquished Creatures
  2 dart slugs
  A leopard gecko (D:1)
  3 bats (D:1)
  5 goblins (D:1)
  5 hobgoblins
  6 frilled lizards
  A kobold (D:1)
  5 rats (D:1)
28 creatures vanquished.

Notes
Turn   | Place    | Note
-------+----------+-------------------------------------------
     0 | D:1      | hawla the Draconian Conjurer began the quest for the Orb.
     0 | D:1      | Reached XP level 1. HP: 14/14 MP: 3/3
   317 | D:1      | Reached XP level 2. HP: 20/20 MP: 2/5
   321 | D:1      | Learned a level 2 spell: Searing Ray
  1060 | D:2      | Reached XP level 3. HP: 26/26 MP: 1/7
  1106 | D:2      | Slain by a hound

Illustrated notes

Levels and vault maps discovered:
D:1:      minmay_arrival_stone_box, layout_basic
D:2:      layout_rooms, vehumet_crystals, nicolae_overflow_hidden_temple,
          kennysheep_generic_room_10

Skill      XL: |  1  2 |
---------------+-------+-----
Spellcasting   | 3 |  3.2
Dodging        | |  1.7
Stealth        | |  1.7
Conjurations   | |  4.2

Action                   || total
-------------------------++-------
Melee: Unarmed           ||    20
 Cast: Magic Dart        ||    37
       Searing Ray       ||     5
  Use: Scroll            ||     5
       Potion            ||     1
  Eat: Chunk             ||     1
Armor: Skin              ||    21
Dodge: Dodged            ||    37
